 Dungeon Crawl Stone Soup version 0.29.0-4-gdea44cf6ec (webtiles) character file.

Game seed: 765340204609343530

335 qw the Chopper (level 6, -2/35 HPs)
             Began as a Tengu Warper on Aug 28, 2022.
             Was an Initiate of Okawaru.
             Slain by Duvessa
             ... wielding a +0 short sword
              (9 damage)
             ... on level 4 of the Dungeon.
             The game lasted 00:00:25 (4347 turns).

qw the Chopper (Tengu Warper)                       Turns: 4347, Time: 00:00:25

Health: -2/35      AC: 11    Str: 14    XL:     6   Next: 53%
Magic:  10/10      EV:  7    Int: 13    God:    Okawaru [......]
Gold:   190        SH:  0    Dex: 13    Spells: 9/9 levels left

rFire   + . .      SeeInvis +   Y - +0 war axe
rCold   . . .      Faith    .   (no shield)
rNeg    . . .      Spirit   .   d - +0 chain mail
rPois   .          Reflect  .   (helmet restricted)
rElec   .          Harm     .   n - +0 cloak
rCorr   .          Rampage  .   i - +0 pair of gloves
Will    .....                   (boots unavailable)
Stlth   ..........              (no amulet)
HPRegen 0.11/turn               h - ring of see invisible
MPRegen 0.12/turn               a - ring of protection from fire

@: flying quickly and evasively, quick
A: beak, talons 3, nimble flight
a: Renounce Religion


You were on level 4 of the Dungeon.
You worshipped Okawaru.
Okawaru was noncommittal.
You visited 1 branch of the dungeon, and saw 4 of its levels.

You collected 190 gold pieces.


Innate Abilities, Weirdness & Mutations

You have a beak for a mouth.
You have claws for feet.
Your magical nature lets you fly swiftly and evasively.


   Skills:
 + Level 2.0 Fighting
 - Level 7.0 Axes
 - Level 1.0 Throwing
 - Level 2.2 Armour
 - Level 2.1 Dodging
 - Level 2.0 Spellcasting
 - Level 2.4 Translocations


You had 9 spell levels left.
You didn't know any spells.
Your spell library contained the following spells:

 Spells                   Type           Power      Damage    Failure   Level
 Blink                    Tloc           14%        N/A       98%         2
 Gell's Gravitas          Tloc           7%         N/A       100%        3
 Lesser Beckoning         Tloc           7%         N/A       100%        3
 Teleport Other           Tloc           7%         N/A       100%        3
 Manifold Assault         Tloc           7%         N/A       100%        5

Inventory:

Hand Weapons
 o - a +0 flail
 Y - a +0 war axe (weapon)
Armour
 d - a +0 chain mail (worn)
 i - a +0 pair of gloves (worn)
 n - a +0 cloak (worn)
Jewellery
 a - a ring of protection from fire (right hand)
 h - a ring of see invisible (left hand)
Scrolls
 j - a scroll of silence {unknown}
Potions
 b - 5 potions of curing {unknown}
 c - a potion of berserk rage {unknown}
 e - 2 potions of might {unknown}
 f - a potion of lignification {unknown}
 g - a potion of resistance {unknown}
 k - a potion of degeneration {unknown}

Dungeon Overview and Level Annotations

Branches:
Dungeon (4/15)
 Temple: D:4-7

Altars:
Makhleb
Okawaru
Xom

Annotations:
D:4 3 runed translucent doors, Duvessa


Message History

4335 ||| Stepping ~*~*~tactically~*~*~ (hiding).
You start waiting.
Dowan is nearby!
Duvessa and an iguana come into view.
Duvessa is wielding a +0 short sword and wearing a +4 ring mail of cold resistance.
Duvessa shouts!
The iguana hisses angrily.
Dowan hits you but does no damage.
You barely miss Duvessa. You closely miss Dowan.
Duvessa hits you but does no damage.
Dowan mumbles some strange words.
Dowan blinks!
You hit Duvessa. You claw Duvessa, but do no damage. Your peck misses Duvessa.
Duvessa is lightly wounded.
Duvessa hits you but does no damage. Duvessa hits you with a +0 short sword.
You closely miss Duvessa.
Duvessa is lightly wounded.
Duvessa hits you but does no damage.
You barely miss Duvessa. You peck Duvessa, but do no damage.
Duvessa is lightly wounded.
You slash Dowan! Dowan hits you but does no damage.
Duvessa hits you with a +0 short sword.
You barely miss Dowan. Your kick misses Dowan. You peck Dowan.
Dowan is heavily wounded.
You closely miss Duvessa. Dowan hits you but does no damage.
Duvessa hits you with a +0 short sword.
A hobgoblin comes into view.
The hobgoblin shouts!
You slash Dowan! You claw Dowan.
You kill Dowan!
Okawaru accepts your kill.
Duvessa screams, "No!
How DARE you!"
Duvessa goes berserk!
You slash the iguana! You hit Duvessa but do no damage.
Duvessa hits you but does no damage. The iguana barely misses you.
Duvessa hits you with a +0 short sword!
Your Axes skill increases to level 7!
You barely miss the iguana.
The iguana is heavily wounded.
You hit Duvessa but do no damage. Duvessa hits you with a +0 short sword!
You die...

..###....## ...#..<.## ..
........#### ..#
....##..#.##. ..#
....#........###+###..
............#g......#
..###......# #.....#
..##......## #.le#
#..)>....###+###@###+###.
................)........
..........#......#.###.##
....)).............###
#.....)##..............
##..))%.......#..######
.......##.....####
.:...#...#...##
.....#...##.##


You could see Duvessa (berserk), an iguana and a hobgoblin.

Vanquished Creatures
  Dowan (D:4)
  3 orc wizards (D:4)
  Robin (D:4)
  4 gnolls
  5 adders
  2 dart slugs
  3 worms
  5 orcs
  7 ball pythons
  3 endoplasms
  4 giant cockroaches
  19 goblins
  9 hobgoblins
  4 jackals (D:3)
  4 quokkas
  7 bats
  2 frilled lizards
  5 kobolds
  10 rats
98 creatures vanquished.

Notes
Turn   | Place    | Note
-------+----------+-------------------------------------------
     0 | D:1      | qw the Tengu Warper began the quest for the Orb.
     0 | D:1      | Reached XP level 1. HP: 12/12 MP: 4/4
     0 | D:1      | 0 ||| qw: Version: 0.1-a-89-g26bdef1
     0 | D:1      | 0 ||| qw: Game counter: 3013
     0 | D:1      | 0 ||| qw: Always use a shield: true
     0 | D:1      | 0 ||| qw: God list: Okawaru
     0 | D:1      | 0 ||| qw: Allow faded altars: false
     0 | D:1      | 0 ||| qw: Do Orc after D:15 true
     0 | D:1      | 0 ||| qw: Do second Lair branch before Depths: true
     0 | D:1      | 0 ||| qw: Lair rune preference: random
     0 | D:1      | 0 ||| qw: Plans: Normal
     0 | D:1      | 0 ||| PLANNING D:1-11
    24 | D:1      | 24 ||| Stepping ~*~*~tactically~*~*~ (stealth).
   130 | D:1      | 130 ||| DROPPING +0 club.
   138 | D:1      | Reached skill level 3 in Axes
   138 | D:1      | Reached XP level 2. HP: 17/17 MP: 6/6
   151 | D:1      | 151 ||| Stepping ~*~*~tactically~*~*~ (stealth).
   152 | D:1      | 152 ||| Stepping ~*~*~tactically~*~*~ (stealth).
   268 | D:1      | 268 ||| Stepping ~*~*~tactically~*~*~ (stealth).
   269 | D:1      | 269 ||| Stepping ~*~*~tactically~*~*~ (stealth).
   624 | D:1      | Reached XP level 3. HP: 21/21 MP: 7/7
   734 | D:1      | 734 ||| Stepping ~*~*~tactically~*~*~ (hiding).
   855 | D:1      | HP: 4/21 [goblin/+0 club (2)]
   857 | D:1      | Reached skill level 4 in Axes
  1427 | D:1      | 1427 ||| UPGRADING to +0 pair of gloves.
  1432 | D:1      | 1432 ||| UPGRADING to +0 ring mail.
  1442 | D:1      | 1442 ||| DROPPING +0 leather armour.
  1443 | D:1      | 1443 ||| DROPPING ring of magical power.
  1444 | D:1      | 1444 ||| UPGRADING to ring of see invisible.
  1445 | D:1      | 1445 ||| READING scroll labelled GUFFAU NORIWNU.
  1445 | D:1      | Identified a scroll of acquirement
  1445 | D:1      | 1445 ||| ACQUIRING ring of protection from fire
  1445 | D:1      | Acquired a ring of protection from fire
  1447 | D:1      | 1447 ||| UPGRADING to ring of protection from fire.
  1448 | D:1      | 1448 ||| DROPPING scroll of blinking.
  1810 | D:2      | Reached XP level 4. HP: 23/26 MP: 8/8
  1926 | D:2      | Found a shimmering altar of Xom.
  1979 | D:2      | 1979 ||| Stepping ~*~*~tactically~*~*~ (stealth).
  2179 | D:2      | 2179 ||| SWAPPING to +0 war axe.
  2183 | D:2      | 2183 ||| DROPPING +0 hand axe.
  2279 | D:2      | Reached skill level 5 in Axes
  2937 | D:2      | 2937 ||| READING scroll labelled ZYOFRI COUNUO.
  2938 | D:2      | 2938 ||| READING scroll labelled RUOPOK VIRAKE.
  3032 | D:1      | 3032 ||| Stepping randomly (stuck).
  3139 | D:3      | Gained mutation: Your magical nature lets you fly swiftly
                  | and evasively. [Tengu growth]
  3139 | D:3      | Reached XP level 5. HP: 30/30 MP: 9/9
  3146 | D:3      | 3146 ||| Stepping ~*~*~tactically~*~*~ (stealth).
  3280 | D:3      | 3280 ||| DROPPING +0 whip.
  3293 | D:3      | Found an iron altar of Okawaru.
  3303 | D:3      | Became a worshipper of Warmaster Okawaru
  3328 | D:3      | Found a burning altar of Makhleb.
  3328 | D:3      | Noticed a blizzard demon
  3503 | D:3      | Reached skill level 6 in Axes
  3648 | D:3      | 3648 ||| DROPPING +0 mace of venom.
  3702 | D:3      | 3702 ||| UPGRADING to +0 chain mail.
  3712 | D:3      | 3712 ||| DROPPING +0 ring mail.
  3713 | D:3      | 3713 ||| UPGRADING to +0 cloak.
  3718 | D:3      | 3718 ||| READING scroll labelled HUHIECR LUFFIM.
  3719 | D:3      | 3719 ||| READING scroll labelled ACWAT SEKKAC.
  3720 | D:3      | 3720 ||| READING scroll labelled FOILUT LEANG.
  3737 | D:4      | 3737 ||| PLANNING OSSUARY
  3833 | D:4      | Found a runed translucent gate.
  3833 | D:4      | Found a runed translucent gate.
  3836 | D:4      | Found a runed translucent gate.
  3949 | D:4      | 3949 ||| Stepping ~*~*~tactically~*~*~ (stealth).
  3955 | D:4      | Reached XP level 6. HP: 23/35 MP: 10/10
  4199 | D:4      | 4199 ||| Stepping ~*~*~tactically~*~*~ (stealth).
  4202 | D:4      | Noticed Robin
  4213 | D:4      | Killed Robin
  4334 | D:4      | Noticed Dowan
  4335 | D:4      | 4335 ||| Stepping ~*~*~tactically~*~*~ (hiding).
  4340 | D:4      | Noticed Duvessa
  4346 | D:4      | Killed Dowan
  4346 | D:4      | HP: 7/35 [Duvessa/+0 short sword (14)]
  4347 | D:4      | Reached skill level 7 in Axes
  4347 | D:4      | Slain by Duvessa

Levels and vault maps discovered:
D:1:      spicycebolla_arrival_ecumenical, layout_loops_ring
D:2:      layout_basic, basic_altar
D:3:      layout_basic, okawaru_gym_becter, makhleb_altar_promises_db,
          minmay_bisected
D:4:      layout_cave_pools, nicolae_ru_great_annihilating_truth,
          nicolae_ossuary_entry_giza, ebering_ghost_rock_garden,
          nicolae_shop_firing_range, uniq_robin, uniq_duvessa

Skill      XL: |  1  2  3  4  5  6 |
---------------+-------------------+-----
Axes           | 3 4 5 6 7 |  7.0
Armour         | 2 |  2.2
Fighting       | |  2.0
Throwing       | |  1.0
Dodging        | |  2.1
Spellcasting   | |  2.0
Translocations | |  2.4

Action                   |  1- 3 |  4- 6 || total
-------------------------+-------+-------++-------
Melee: Hand axe          |    87 |    14 ||   101
       Kick              |    20 |    26 ||    46
       Peck              |     9 |    10 ||    19
       War axe           |       |   110 ||   110
Throw: Boomerang         |     7 |       ||     7
  Use: Scroll            |     1 |     5 ||     6
Armor: Leather armour    |    10 |       ||    10
       Ring mail         |     2 |    29 ||    31
       Chain mail        |       |    33 ||    33
Dodge: Dodged            |    37 |    67 ||   104

Table legend:
 A = Non-vault XP
 B = Vault XP
 C = Vault XP percentage of total XP
 D = Non-vault monster count
 E = Vault monster count
 F = Vault count percentage of total count
                 A         B        C        D         E       F
            +---------+---------+-------+---------+---------+-------
      Total |     369 |     110 |  23.0 |      83 |      15 |  15.3
            +---------+---------+-------+---------+---------+-------
        D:1 |      68 |       0 |   0.0 |      32 |       0 |   0.0
        D:2 |      88 |       0 |   0.0 |      22 |       0 |   0.0
        D:3 |      68 |       7 |   9.3 |      15 |       3 |  16.7
        D:4 |     145 |     103 |  41.5 |      14 |      12 |  46.2
            +---------+---------+-------+---------+---------+-------
